 Dungeon Crawl Stone Soup version 0.30-a0-585-g93115170b9 (webtiles) character file.

Game seed: 17665412814273143468

1862565 wormed the Wrestler (level 27, 284/284 HPs)
             Began as a Troll Monk on Jan 2, 2023.
             Was a High Priest of Okawaru.
             Escaped with the Orb
             ... and 3 runes!
             The game lasted 02:23:20 (58565 turns).

wormed the Wrestler (Troll Monk)                   Turns: 58565, Time: 02:23:21

Health: 284/284    AC: 48    Str: 26 (27) XL:     27
Magic:  40/40      EV: 12    Int:  5      God:    Okawaru [*****.]
Gold:   10993      SH: 21    Dex: 20      Spells: 26/26 levels left

rFire   + + .      SeeInvis +      - Unarmed
rCold   + + .      Faith    .    a - +5 kite shield of Poeggyr {Drain +Blink MP+9 Slay+6}
rNeg    + + +      Spirit   .    k - +12 gold dragon scales
rPois   +          Reflect  .    z - +4 hat of Masochism {Drain rElec rF- Slay+5}
rElec   +          Harm     .    O - +2 cloak {rF+}
rCorr   .          Rampage  .    (gloves unavailable)
Will    ++++.                    (boots unavailable) Stlth
                                 J - amulet of regeneration
HPRegen 2.27/turn                b - ring "Kysmijun" {Contam rC+ rN+++ Int-3 SInv}
MPRegen 0.27/turn                X - ring of Jealousy {rF+ Will++}

@: studying Necromancy
A: large, unfitting armour, claws 3, regeneration 1, shaggy fur 2, tough skin 1,
iridescent scales 2, wild magic 1, noise suppression
0: Orb of Zot
}: 3/15 runes: serpentine, barnacled, silver
a: Renounce Religion, Evoke Blink, Heroism, Finesse, Duel


You escaped.
You worshipped Okawaru.
Okawaru was extremely pleased with you.
You visited 9 branches of the dungeon, and saw 47 of its levels.
You visited the Abyss 2 times.
You also visited: Ossuary, Volcano and Wizlab.

You collected 12063 gold pieces.
You spent 1070 gold pieces at shops.

Inventory:

Missiles
 c - 97 large rocks (quivered)
 H - 4 throwing nets
 W - 12 javelins
Armour
 a - the +5 kite shield of Poeggyr (worn) {Drain +Blink MP+9 Slay+6}
   (Okawaru gifted it to you on level 5 of the Lair of Beasts)

   Slay:      It affects your accuracy & damage with ranged weapons and melee
   (+6).
   MP:        It affects your magic capacity (+9).
   +Blink:    It lets you blink.
   Drain:     It drains your maximum health when unequipped.
 k - +12 gold dragon scales (worn)
 z - the +4 hat of Masochism (worn) {Drain rElec rF- Slay+5}
   (You found it on level 4 of the Depths)

   Slay:      It affects your accuracy & damage with ranged weapons and melee
   (+5).
   rF:        It makes you vulnerable to fire.
   rElec:     It insulates you from electricity.
   Drain:     It drains your maximum health when unequipped.
 M - the +14 storm dragon scales "Vackulusk" {rElec Dex+6}
   (Okawaru gifted it to you on level 9 of the Dungeon)

   Dex:       It affects your dexterity (+6).
   rElec:     It insulates you from electricity.
 O - a +2 cloak of fire resistance (worn)
Jewellery
 b - the ring "Kysmijun" (left claw) {Contam rC+ rN+++ Int-3 SInv}
   (You found it on level 9 of the Dungeon)

   [ring of protection from cold]

   Int:       It affects your intelligence (-3).
   rC:        It protects you from cold.
   rN:        It renders you almost immune to negative energy.
   SInv:      It lets you see invisible.
   Contam:    It causes magical contamination when unequipped.
 o - the ring "Serhah" {rElec rPois rF+ Str+4}
   (You found it on level 3 of the Elven Halls)

   [ring of poison resistance]

   Str:       It affects your strength (+4).
   rF:        It protects you from fire.
   rElec:     It insulates you from electricity.
   rPois:     It protects you from poison.
 E - the ring of Arrival {rPois rCorr Int+4 Dex+3}
   (You found it on level 9 of the Dungeon)

   [ring of poison resistance]

   Int:       It affects your intelligence (+4).
   Dex:       It affects your dexterity (+3).
   rPois:     It protects you from poison.
   rCorr:     It protects you from acid and corrosion.
 F - a ring of protection from fire
 I - a ring of protection from cold
 J - an amulet of regeneration (around neck)
 X - the ring of Jealousy (right claw) {rF+ Will++}
   (You found it on level 3 of the Vaults)

   [ring of protection from fire]

   rF:        It protects you from fire.
   Will:      It greatly increases your willpower.
 Y - the ring "Casi" {Fly Will+ Str+3}
   (You found it on level 3 of the Vaults)

   [ring of willpower]

   Str:       It affects your strength (+3).
   Fly:       It grants you flight.
   Will:      It increases your willpower.
 Z - a ring of see invisible
Wands
 e - a wand of flame (38)
 g - a wand of paralysis (43)
 u - a wand of polymorph (8)
 B - a wand of mindburst (55)
 G - a wand of roots (35)
 K - a wand of digging (12)
 N - a wand of quicksilver (18)
Scrolls
 d - 10 scrolls of fear
 f - 7 scrolls of teleportation
 l - 8 scrolls of fog
 m - 5 scrolls of torment
 n - 5 scrolls of amnesia
 p - 13 scrolls of enchant weapon
 q - 9 scrolls of enchant armour
 r - 18 scrolls of magic mapping
 y - 5 scrolls of poison
 L - a scroll of blinking
 U - 5 scrolls of silence
 V - 2 scrolls of brand weapon
Potions
 h - 7 potions of might
 i - 10 potions of flight
 j - 29 potions of curing
 s - 6 potions of haste
 t - a potion of heal wounds
 v - 4 potions of berserk rage
 w - 9 potions of brilliance
 x - 4 potions of magic
 A - 10 potions of attraction
 C - 8 potions of invisibility
 D - 5 potions of mutation
 Q - 6 potions of resistance
 R - 13 potions of lignification
 S - 2 potions of ambrosia
 T - 2 potions of cancellation


   Skills:
 + Level 18.5 Fighting
 - Level 10.0 Throwing
 + Level 18.5 Armour
 + Level 18.5 Dodging
 - Level 1.0 Stealth
 + Level 20.1 Shields
 * Level 25.2 Unarmed Combat
 - Level 12.0 Invocations


You had 26 spell levels left.
You didn't know any spells.
Your spell library contained the following spells:

 Spells                   Type           Power      Damage    Failure   Level
 Apportation              Tloc           0%         N/A       100%        1
 Beastly Appendage        Tmut           0%         N/A       100%        1
 Foxfire                  Conj/Fire      0%         2x1d4     100%        1
 Freeze                   Ice            0%         1d3       100%        1
 Necrotise                Necr           0%         1d4       100%        1
 Shock                    Conj/Air       0%         1d3       100%        1
 Sting                    Tmut/Pois      0%         1d3       100%        1
 Blink                    Tloc           0%         N/A       100%        2
 Cigotuvi's Dreadful Rot  Necr/Pois/Air  0%         N/A       100%        2
 Ensorcelled Hibernation  Hex/Ice        0%         N/A       100%        2
 Passwall                 Tmut/Erth      0%         N/A       100%        2
 Poisonous Vapours        Pois/Air       0%         N/A       100%        2
 Scorch                   Fire           0%         2d5       100%        2
 Static Discharge         Conj/Air       0%         2-2/arc   100%        2
 Sublimation of Blood     Necr           0%         N/A       100%        2
 Wereblood                Tmut           0%         N/A       100%        2
 Dazzling Flash           Conj/Hex       0%         N/A       100%        3
 Frozen Ramparts          Ice            0%         1d1       100%        3
 Gell's Gravitas          Tloc           0%         N/A       100%        3
 Hailstorm                Conj/Ice       0%         3d3       100%        3
 Ignite Poison            Fire/Tmut/Pois 0%         N/A       100%        3
 Inner Flame              Hex/Fire       0%         N/A       100%        3
 Kindle Blastsparks       Fire/Tloc/Air  0%         2d10      100%        3
 Lesser Beckoning         Tloc           0%         N/A       100%        3
 Mephitic Cloud           Conj/Pois/Air  0%         N/A       100%        3
 Ozocubu's Armour         Ice            0%         N/A       100%        3
 Portal Projectile        Hex/Tloc       0%         N/A       100%        3
 Spider Form              Tmut/Pois      0%         N/A       100%        3
 Swiftness                Air            0%         N/A       100%        3
 Teleport Other           Tloc           0%         N/A       100%        3
 Vhi's Electric Charge    Tloc/Air       0%         N/A       100%        3
 Airstrike                Air            0%         2d(0-16)  100%        4
 Cause Fear               Hex            0%         N/A       100%        4
 Flame Wave               Conj/Fire      0%         2d4       100%        4
 Leda's Liquefaction      Hex/Erth       0%         N/A       100%        4
 Manifold Assault         Tloc           0%         N/A       100%        4
 Olgreb's Toxic Radiance  Pois           0%         N/A       100%        4
 Petrify                  Tmut/Erth      0%         N/A       100%        4
 Sticky Flame             Conj/Fire      0%         2d3       100%        4
 Agony                    Necr           0%         N/A       100%        5
 Arcjolt                  Conj/Air       0%         1d10      100%        5
 Blade Hands              Tmut           0%         N/A       100%        5
 Fireball                 Conj/Fire      0%         3d3       100%        5
 Freezing Cloud           Conj/Ice/Air   0%         6-21      100%        5
 Irradiate                Conj/Tmut      0%         3d11      100%        5
 Iskenderun's Battlesphe  Conj           0%         2d6       100%        5
 Lee's Rapid Deconstruct  Erth           0%         3d4*      100%        5
 Lightning Bolt           Conj/Air       0%         1d11      100%        5
 Metabolic Englaciation   Hex/Ice        0%         N/A       100%        5
 Silence                  Hex/Air        0%         N/A       100%        5
 Yara's Violent Unravell  Hex/Tmut       0%         3d3       100%        5
 Conjure Ball Lightning   Conj/Air       0%         3x3d6     100%        6
 Dispersal                Tloc           0%         N/A       100%        6
 Iron Shot                Conj/Erth      0%         9d1       100%        6
 Starburst                Conj/Fire      0%         6d3       100%        6
 Statue Form              Tmut/Erth      0%         N/A       100%        6
 Dragon Form              Tmut           0%         N/A       100%        7
 Orb of Destruction       Conj           0%         9d5       100%        7
 Ozocubu's Refrigeration  Ice            0%         4d7       100%        7
 Storm Form               Tmut/Air       0%         N/A       100%        7
 Discord                  Hex            0%         N/A       100%        8
 Disjunction              Tloc           0%         N/A       100%        8
 Ignition                 Fire           0%         3d3       100%        8
 Maxwell's Capacitive Co  Air            0%         ∞         100%        8
 Summon Small Mammal      Summ           Unusable   N/A       N/A         1
 Call Canine Familiar     Summ           Unusable   N/A       N/A         3
 Summon Lightning Spire   Summ/Air       Unusable   N/A       N/A         4
 Simulacrum               Ice/Necr       Unusable   N/A       N/A         6
 Summon Cactus Giant      Summ           Unusable   N/A       N/A         6
 Haunt                    Necr/Summ      Unusable   N/A       N/A         7
 Spellforged Servitor     Conj/Summ      Unusable   N/A       N/A         7

Dungeon Overview and Level Annotations

Branches:
Dungeon (15/15)            Temple (0/1) D:7            Lair (5/5) D:11
 Shoals (4/4) Lair:3        Snake (4/4) Lair:3        Slime (0/5) Lair:4
    Orc (2/2) D:10            Elf (3/3) Orc:2        Vaults (5/5) D:13
  Crypt (0/3) Vaults:3     Depths (4/4) D:15            Zot (5/5) Depths:4
Ossuary (visited)         Volcano (visited)          WizLab (visited)

Altars:
Cheibriados
Dithmenos
Fedhas
Gozag
Hepliaklqana
Kikubaaqudgha
Makhleb
Nemelex Xobeh
Okawaru
Qazlal
Ru
Sif Muna
Trog
Uskayaw
Vehumet

Shops:
D:12 [   D:15 =   Orc:1 [   Orc:2 **!*   Elf:2 [   Elf:3 [[   Shoals:1 :*:
Shoals:3 *   Snake:2 =:=*   Vaults:3 (   Vaults:4 (   Depths:1 :?
Depths:2 ?(!

Portals:
Hell: Lair:5 Depths:1 Depths:2 Depths:4
Abyss: Depths:2 Depths:3
Pandemonium: Depths:2
Ziggurat: Depths:2

Annotations:
Vaults:3 1 transporter


Innate Abilities, Weirdness & Mutations

You are too large for most types of armour.
You have claws for hands.
Your natural rate of healing is unusually fast.
You are covered in thick fur. (AC +2)
You have tough skin. (AC +1)
You are mostly covered in iridescent scales. (AC +4)
Your spells are a little harder to cast, but a little more powerful.
You passively dampen the noise of your surroundings.


Message History

The Orb Guardian hits you but does no damage.
A toenail golem comes into view.
You mangle the Orb Guardian!!
You kill the Orb Guardian!
Okawaru accepts your kill. You block the toenail golem's attack.
You eviscerate the toenail golem!!!
The toenail golem is severely damaged.
You eviscerate the toenail golem!!!
You destroy the toenail golem!
Okawaru accepts your kill.
No target in view!
No target in view!
(D) Dungeon (T) Temple (L) Lair (A) Shoals (P) Snake Pit (M) Slime Pits (O) Orcish Mines (E) Elven Halls (V) Vaults (C) Crypt (U) Depths (H) Hell (Z) Zot
Where to? (Enter - D:1, ? - help)
There is an open door here.
There is a fountain of clear blue water here.
You open the door.
HP restored.
There is an open door here.
There is a stone staircase leading up here.
You climb upwards.
There is a stone staircase leading down here.
There is a stone staircase leading up here.
You climb upwards.
There is a stone staircase leading down here.
There is a stone staircase leading up here.
You climb upwards.
There is a stone staircase leading down here.
(D) Dungeon (T) Temple (L) Lair (A) Shoals (P) Snake Pit (M) Slime Pits (O) Orcish Mines (E) Elven Halls (V) Vaults (C) Crypt (U) Depths (H) Hell (Z) Zot
Where to? (Enter - D:1, ? - help) You're already here!
There is a staircase leading out of the dungeon here.
You have escaped!

#....................
#....................
#...#######...#####..
#...# #...# #.. #...#
#[..# #.. #...#
#...#####..
#...#######..........
#.(..................
#...@...........#####
#........####...# #
#...##...# #...# #
#...##...####...#####
#....................
#....................
##################.##
#.# #........ #.#
#.#......


There were no monsters in sight!

Vanquished Creatures
  8 orbs of fire
  4 dread liches
  11 ancient liches
  Mara (Snake:4)
  2 juggernauts (Depths:4)
  The ghost of OTABOTABOTAB the Hoplite, a legendary FoFi of Okawaru (Depths:4)
  The ghost of Zeaxzic Paph the Slayer, a veteran OgBe of Trog (Zot:2)
  Sojobo (Vaults:3)
  4 Killer Klowns (Zot:5)
  Vashnia (Snake:4)
  Parghit (Depths:3)
  3 curse toes
  Xtahua (Vaults:4)
  10 golden dragons
  Jory (Depths:4)
  A caustic shrike (Depths:3)
  3 bone dragons
  the Enchantress (Depths:1)
  Nikola (Depths:1)
  A Tzitzimitl (Zot:3)
  2 doom hounds (Zot:3)
  2 electric golems
  Rupert (Lair:4)
  Jorgrun (D:15)
  6 quicksilver dragons
  2 liches (Depths:3)
  28 Orb Guardians
  Mlioglotl (Arena)
  Asterion (Snake:1)
  19 tentacled monstrosities
  3 Ice Fiends
  6 titans
  Grunn (Zot:3)
  2 deep elf master archers (Elf:3)
  2 walking frostbound tomes (Depths:3)
  The ghost of Emey the Earth Mage, an adept SpVM of Vehumet (Vaults:4)
  Polyphemus (Shoals:3)
  7 death cobs
  2 deep elf blademasters
  2 tentacled starspawn (Abyss:4)
  7 sphinxes
  2 ancient champions (WizLab)
  Kirke (Lair:4)
  A daeva (Depths:2)
  18 storm dragons
  Roxanne (Snake:1)
  10 tengu reavers
  14 shadow dragons
  9 draconian monks
  2 demonspawn warmongers (Zot:1)
  5 nagarajas
  17 vault wardens
  10 deep elf sorcerers
  Donald (Snake:1)
  Louise (Snake:3)
  6 draconian scorchers
  3 iron dragons (Depths:4)
  19 frost giants
  15 fire giants
  7 draconian knights
  An angel (Depths:2)
  8 draconian shifters
  A balrug (Depths:2)
  Aizul (Snake:1)
  8 deep elf elementalists (Elf:3)
  3 ghost moths
  3 orc warlords
  10 very ugly things
  6 spriggan defenders
  A war gargoyle (Vaults:5)
  6 draconian annihilators
  6 draconian stormcallers
  5 vampire knights
  A cacodemon (Zot:4)
  12 stone giants
  A reaper (Zot:1)
  9 ironbound thunderhulks
  22 ironbound preservers
  A broodmother (shapeshifter) (Vaults:4)
  A putrid mouth (Zot:3)
  6 deep elf demonologists
  9 yellow draconians
  12 black draconians
  17 dire elephants
  10 green draconians
  10 red draconians
  9 deep elf annihilators (Elf:3)
  9 purple draconians
  7 white draconians
  A lorocyproca (D:15)
  10 spark wasps
  Azrael (D:15)
  A crystal guardian (Vaults:3)
  Josephine (Snake:1)
  10 merfolk impalers
  6 deep elf death magi
  3 merfolk javelineers
  An ettin (shapeshifter) (Vaults:5)
  6 fire dragons
  14 ettins
  A green death (Zot:3)
  7 deep elf high priests
  A blizzard demon (Depths:2)
  17 yaktaur captains
  2 entropy weavers
  7 great orbs of eyes
  6 rakshasas (Depths:2)
  34 vault guards
  3 salamander tyrants (Snake:4)
  A hell beast (Lair:5)
  2 ogre magi (Vaults:5)
  8 ice dragons
  2 catoblepae
  A peacekeeper (Vaults:3)
  The ghost of Ytsiazit the Cleaver, a journeyman DsFi of Cheibriados (Lair:2)
  A jorogumo (shapeshifter) (Depths:3)
  9 centaur warriors
  6 ironbound frosthearts
  3 boulder beetles
  2 alligator snapping turtles
  5 spriggan air magi
  A merfolk avatar (Shoals:4)
  6 two-headed ogres
  2 death knights (Vaults:3)
  7 hydras
  17 anacondas
  7 death yaks
  4 satyrs
  31 dancing weapons
  5 merfolk aquamancers
  2 tengu warriors
  14 naga warriors
  4 deep troll shamans
  The ghost of Kalirham the Basher, a novice MiBe of Trog (Shoals:3)
  12 deep troll earth magi
  15 naga sharpshooters
  9 orc high priests
  Urug (D:11)
  20 deep elf knights
  7 spriggan berserkers
  A thrashing horror (Abyss:4)
  8 shock serpents
  Sonja (D:10)
  6 soul eaters
  Amaemon (D:8)
  A hell knight (Depths:4)
  4 salamander mystics
  12 skeletal warriors
  2 wretched stars
  2 death drakes (Zot:2)
  A sixfirhy (Zot:4)
  49 deep trolls
  4 iron trolls
  A death drake (shapeshifter) (Vaults:5)
  11 naga ritualists
  13 sea snakes
  13 lindwurms
  2 flayed ghosts
  5 phantasmal warriors
  An obsidian statue (Snake:3)
  3 cherubim (Depths:2)
  15 orc knights
  5 glowing orange brains
  4 orange crystal statues
  12 wizards
  35 harpies
  12 deep elf archers
  25 deep elf zephyrmancers
  Pikel (D:4)
  7 necromancers
  17 ironbound convokers
  A swamp dragon (shapeshifter) (Vaults:4)
  A harpy (shapeshifter) (Abyss:2)
  24 ugly things
  25 deep elf pyromancers
  A will-o-the-wisp (Abyss:4)
  22 mana vipers
  5 wolf spider zombies
  An iron dragon skeleton (Depths:1)
  An oklob plant (Lair:5)
  A stone giant zombie (Depths:1)
  3 orc sorcerers
  23 salamanders
  A shadow dragon skeleton (Zot:2)
  18 fauns
  9 cyclopes
  7 manticores
  21 vault sentinels
  A large abomination (Abyss:4)
  13 moths of wrath
  A toenail golem (D:4)
  23 elephants
  A black mamba (shapeshifter) (Depths:3)
  53 black mambas
  A fire giant skeleton (Depths:1)
  5 merfolk sirens
  11 guardian serpents
  28 slime creatures
  Joseph (Lair:1)
  3 water nymphs
  5 orange demons
  3 centaur zombies (D:14)
  8 naga magi
  A human skeleton (Vaults:4)
  15 cane toads
  A spectral sea snake (Shoals:3)
  2 torpor snails (Lair:5)
  An eye of devastation (shapeshifter) (Vaults:2)
  5 smoke demons
  A cane toad (shapeshifter) (D:13)
  3 molten gargoyles (Volcano)
  3 gargoyles
  An unseen horror (shapeshifter) (D:13)
  An unseen horror (D:11)
  7 rime drakes
  A kobold demonologist (D:11)
  2 redback zombies (D:15)
  A yaktaur (shapeshifter) (D:12)
  A guardian mummy (Zot:2)
  5 efreet
  3 freezing wraiths
  29 yaktaurs
  9 komodo dragons
  A tormentor (Abyss:4)
  2 ice devils (Lair:5)
  4 tengu conjurers
  3 spectral merfolk (Shoals:3)
  3 ancient zymes
  6 trolls
  16 merfolk
  3 polar bears (Lair:4)
  7 wind drakes
  16 blink frogs
  A dream sheep (shapeshifter) (Vaults:4)
  2 raiju (shapeshifter)
  3 meliai zombies (D:14)
  A frost giant simulacrum (Depths:1)
  A moth of wrath zombie (Zot:2)
  An ettin zombie (Vaults:4)
  8 hornets
  A spectral manticore (Shoals:3)
  6 snapping turtles
  11 spriggans
  13 dream sheep
  4 centaur simulacra (D:10)
  An ettin skeleton (Vaults:1)
  A spriggan (shapeshifter) (D:13)
  13 air elementals
  5 flying skulls (Abyss:4)
  27 water elementals
  3 shadows
  6 wyverns
  6 vampires
  A ynoxinul (Depths:4)
  48 yaks
  11 fire elementals
  6 humans (Lair:4)
  2 steam dragons
  6 starcursed masses (Abyss:4)
  9 wraiths
  5 basilisks
  A neqoxec (Abyss:2)
  A hog (Lair:4)
  2 redbacks
  A chaos spawn (Depths:4)
  A vampire mosquito (D:11)
  2 wargs
  Edmund (D:6)
  4 ogre zombies
  A swamp worm (shapeshifter) (Vaults:3)
  6 two-headed ogre zombies (WizLab)
  31 nagas
  26 water moccasins
  3 acid dragons
  6 hell hounds
  A glowing shapeshifter skeleton (Depths:1)
  39 orc warriors
  3 sky beasts
  3 ice beasts
  9 centaurs
  16 ogres
  A wind drake simulacrum (Shoals:3)
  24 wolves
  2 elf zombies
  3 kobold brigands
  Blork the orc (D:4)
  11 bullfrogs
  A water nymph simulacrum (Shoals:3)
  7 earth elementals
  A gnoll sergeant (D:12)
  4 scorpions
  A merfolk simulacrum (Shoals:3)
  2 necrophages (D:5)
  10 wights
  7 troll zombies (WizLab)
  A human simulacrum (Vaults:1)
  A snapping turtle simulacrum (Shoals:3)
  4 killer bees (D:9)
  14 electric eels
  4 howler monkeys
  3 jellies
  5 lava snakes
  A human zombie (D:7)
  24 orc priests
  A cyclops simulacrum (Shoals:3)
  2 gnoll boudas
  4 hounds
  An iron imp (D:8)
  A boggart zombie (D:14)
  Natasha (thrice) (D:4)
  7 iguanas
  16 orc wizards
  8 mummies (Ossuary)
  Robin (D:4)
  3 adders
  17 gnolls
  6 white imps
  A howler monkey simulacrum (D:10)
  4 ufetubi
  3 worms
  2 dart slugs
  66 orcs
  4 endoplasms
  4 gnoll zombies (Ossuary)
  10 goblins
  13 hobgoblins
  3 jackals (D:4)
  7 kobolds
  2 quokkas (D:1)
  10 ball pythons
  4 bats
  3 frilled lizards
  2 hobgoblin zombies (Ossuary)
  A kobold (shapeshifter) (Depths:4)
  2 kobold zombies (Ossuary)
  3 orc skeletons (D:7)
  An orc zombie (D:7)
  5 rats
  A bush (Lair:5)
  A fire vortex (Volcano)
  A plant (Depths:4)
  A starspawn tentacle (Abyss:4)
2292 creatures vanquished.

Vanquished Creatures (others)
  The ghost of quinnr the Cloud Mage, a veteran TeAE of Vehumet (Depths:4)
  A walking divine tome (Depths:4)
  A draconian knight (Zot:4)
  A fire giant (Depths:2)
  A frost giant (Depths:3)
  A deep elf elementalist (Elf:3)
  A draconian annihilator (Zot:2)
  A deep elf demonologist (Elf:3)
  A spark wasp (Depths:3)
  A red draconian (Depths:4)
  A deep elf high priest (Vaults:2)
  An ice dragon (Depths:1)
  A centaur warrior (D:15)
  A wizard (D:6)
  A naga (Snake:2)
  A hell hound (Lair:5)
  A phantom (D:6)
  A wight (Abyss:4)
  A lava snake (Lair:2)
  A kobold (D:10)
  2 ball lightnings (Depths:4)
  3 bushes (Lair:5)
  2 fire vortices (Volcano)
  20 fungi
  85 plants
  6 starspawn tentacles (Abyss:4)
  A withered plant (D:14)
139 creatures vanquished.

Grand Total: 2431 creatures vanquished

Notes
Turn   | Place    | Note
-------+----------+-------------------------------------------
     0 | D:1      | wormed the Troll Monk began the quest for the Orb.
     0 | D:1      | Reached XP level 1. HP: 22/22 MP: 0/0
   233 | D:1      | Reached XP level 2. HP: 29/29 MP: 1/1
   972 | D:2      | Reached XP level 3. HP: 36/36 MP: 2/2
  1075 | D:2      | Found a shadowy altar of Dithmenos.
  1357 | D:3      | Found a faded altar of an unknown god.
  1358 | D:3      | Noticed a great orb of eyes
  1360 | D:3      | Noticed an eye of devastation
  1360 | D:3      | Noticed a great orb of eyes
  1360 | D:3      | Noticed a golden eye
  1384 | D:3      | Prayed at the altar of an unknown god.
  1384 | D:3      | Became a worshipper of Warmaster Okawaru
  1384 | D:3      | Reached * piety under Okawaru
  1384 | D:3      | Reached ** piety under Okawaru
  2188 | D:4      | Noticed Robin
  2191 | D:4      | Reached skill level 4 in Unarmed Combat
  2194 | D:4      | Killed Robin
  2195 | D:4      | Reached XP level 4. HP: 35/44 MP: 3/3
  2227 | D:4      | Noticed Natasha
  2232 | D:4      | Killed Natasha
  2232 | D:4      | Reached *** piety under Okawaru
  2266 | D:4      | Noticed an ogre
  2272 | D:4      | Killed an ogre
  2273 | D:4      | Reached XP level 5. HP: 24/53 MP: 1/4
  2340 | D:4      | Noticed Blork the orc
  2399 | D:4      | Killed Blork the orc
  2400 | D:4      | Reached skill level 5 in Unarmed Combat
  2400 | D:4      | Reached XP level 6. HP: 57/61 MP: 2/5
  2571 | D:4      | Noticed Pikel
  2592 | D:5      | Entered Level 5 of the Dungeon
  2639 | D:5      | Noticed a water moccasin
  2648 | D:5      | Killed a water moccasin
  2655 | D:5      | Reached skill level 6 in Unarmed Combat
  2655 | D:5      | Reached XP level 7. HP: 68/68 MP: 3/6
  3019 | D:5      | Reached skill level 7 in Unarmed Combat
  3110 | D:5      | Reached **** piety under Okawaru
  3111 | D:5      | Reached XP level 8. HP: 42/79 MP: 5/7
  3175 | D:5      | Found a hazy altar of Hepliaklqana.
  3593 | D:4      | Killed Pikel
  3594 | D:4      | Reached skill level 5 in Fighting
  3594 | D:4      | Reached skill level 5 in Dodging
  3594 | D:4      | Reached skill level 8 in Unarmed Combat
  3603 | D:4      | Noticed Natasha
  3609 | D:4      | Killed Natasha
  3870 | D:4      | Noticed Natasha
  3876 | D:4      | Killed Natasha
  4038 | D:6      | Reached ***** piety under Okawaru
  4061 | D:6      | Reached XP level 9. HP: 88/88 MP: 8/8
  4125 | D:6      | Reached skill level 9 in Unarmed Combat
  4266 | D:6      | Noticed Edmund
  4278 | D:6      | Killed Edmund
  4413 | D:6      | Found a bloodstained altar of Trog.
  4415 | D:6      | Noticed a wizard
  4420 | D:6      | Killed a wizard
  4702 | D:7      | Found a staircase to the Ecumenical Temple.
  4827 | D:7      | Found a sand-covered staircase.
  4834 | Ossuary  | Entered an ossuary
  5042 | D:7      | Reached skill level 10 in Unarmed Combat
  5103 | D:7      | Identified the +5 war axe "Mimac" {drain, rN+ Dex+7}
  5428 | D:7      | Found a radiant altar of Vehumet.
  5736 | D:7      | Reached XP level 10. HP: 80/100 MP: 7/9
  6364 | D:8      | Reached skill level 11 in Unarmed Combat
  6446 | D:8      | Reached ****** piety under Okawaru
  6524 | D:8      | Found a shimmering blue altar of Sif Muna.
  6669 | D:8      | Noticed Amaemon
  6669 | D:8      | Noticed an orange demon
  6680 | D:8      | Killed Amaemon
  6687 | D:8      | Killed an orange demon
  6799 | D:8      | Found a burning altar of Makhleb.
  6799 | D:8      | Found a stormy altar of Qazlal.
  6863 | D:8      | Found a snail-covered altar of Cheibriados.
  6934 | D:9      | Reached skill level 12 in Unarmed Combat
  6974 | D:9      | Noticed an orange crystal statue
  7101 | D:9      | Noticed a centaur warrior
  7109 | D:9      | Killed a centaur warrior
  7109 | D:9      | Received a gift from Okawaru
  7142 | D:9      | Noticed a two-headed ogre
  7153 | D:9      | Killed a two-headed ogre
  7154 | D:9      | Reached XP level 11. HP: 88/110 MP: 5/10
  7366 | D:9      | Noticed a skeletal warrior
  7381 | D:9      | Killed a skeletal warrior
  7381 | D:9      | Received a gift from Okawaru
  7561 | D:9      | Identified the ring "Kysmijun" {Contam rC+ rN+++ Int-3
                  | SInv}
  7564 | D:9      | Identified the +2 hat "Jafoinu" {Stlth+}
  7693 | D:9      | Reached skill level 13 in Unarmed Combat
  7759 | D:9      | Noticed a boulder beetle
  7924 | D:9      | Identified the ring of Arrival {rPois rCorr Int+4 Dex+3}
  8152 | D:9      | Killed a boulder beetle
  8152 | D:9      | Identified the +14 storm dragon scales "Vackulusk" {rElec
                  | Dex+6} (Okawaru gifted it to you on level 9 of the Dungeon)
  8152 | D:9      | Received a gift from Okawaru
  8214 | D:10     | Entered Level 10 of the Dungeon
  8257 | D:10     | Noticed a death yak
  8267 | D:10     | Reached skill level 1 in Armour
  8281 | D:10     | Killed a death yak
  8388 | D:10     | Noticed Sonja
  8408 | D:10     | Killed Sonja
  8525 | D:10     | Found a blossoming altar of Fedhas.
  8587 | D:10     | Reached XP level 12. HP: 121/122 MP: 11/11
  8644 | D:10     | Identified the +2 ring mail of the Great Game {+Blink rN+
                  | Int+2 Dex+3}
  8825 | D:10     | Found a staircase to the Orcish Mines.
  8846 | D:11     | Found a staircase to the Lair.
  8991 | D:11     | Noticed a two-headed ogre
  8999 | D:11     | Killed a two-headed ogre
  9250 | D:11     | Received a gift from Okawaru
  9269 | D:11     | Noticed Urug
  9282 | D:11     | Killed Urug
  9283 | D:11     | Reached skill level 1 in Invocations
  9285 | D:11     | Reached skill level 14 in Unarmed Combat
  9803 | D:12     | Found Wawaor's Antique Armour Emporium.
  9855 | D:12     | Reached XP level 13. HP: 130/130 MP: 13/13
 10702 | Lair:1   | Entered Level 1 of the Lair of Beasts
 10714 | Lair:1   | Noticed Joseph
 10725 | Lair:1   | Received a gift from Okawaru
 10728 | Lair:1   | Killed Joseph
 11000 | Lair:1   | Reached skill level 5 in Invocations
 11241 | Lair:1   | Found a dark tunnel.
 11304 | Volcano  | Entered a volcano
 12178 | Lair:2   | Received a gift from Okawaru
 12256 | Lair:2   | Reached XP level 14. HP: 125/140 MP: 12/18
 12535 | Lair:2   | You fall into a shaft and drop 2 floors!
 12653 | Lair:4   | Found a staircase to the Slime Pits.
 12715 | Lair:4   | Noticed Kirke
 12728 | Lair:4   | Killed Kirke
 12818 | Lair:4   | Received a gift from Okawaru
 12826 | Lair:4   | Reached skill level 10 in Invocations
 13663 | Lair:2   | Found a large runed translucent door.
 13664 | Lair:2   | Found a large runed translucent door.
 13667 | Lair:2   | Noticed Ytsiazit's ghost (journeyman DsFi)
 13817 | Lair:2   | Killed Ytsiazit's ghost
 13849 | Lair:2   | Identified a scroll of acquirement
 13855 | Lair:2   | Acquired the +0 kite shield "Vuuliw" {rF+}
 14101 | Lair:3   | Found a staircase to the Shoals.
 14189 | Lair:3   | Found a staircase to the Snake Pit.
 14203 | Lair:3   | Reached skill level 1 in Shields
 15107 | Lair:4   | Noticed Rupert
 15117 | Lair:4   | Killed Rupert
 15182 | Lair:4   | Identified the amulet "Duuxewud" {Acrobat rN++ Slay-3 SInv}
 15600 | Lair:4   | Acquired 908 gold pieces
 15637 | Lair:5   | Entered Level 5 of the Lair of Beasts
 15704 | Lair:5   | Reached skill level 5 in Shields
 15716 | Lair:5   | Identified the +5 kite shield of Poeggyr {Drain +Blink MP+9
                  | Slay+6} (Okawaru gifted it to you on level 5 of the Lair of
                  | Beasts)
 15716 | Lair:5   | Received a gift from Okawaru
 15963 | Lair:5   | Reached XP level 15. HP: 146/146 MP: 23/23
 16063 | Lair:5   | Found a burning altar of Makhleb.
 16200 | Lair:5   | Found a gateway to Hell.
 17464 | D:13     | Received a gift from Okawaru
 17688 | D:13     | Found a gate to the Vaults.
 17983 | D:13     | Paralysed by a deep elf pyromancer for 4 turns
 18198 | D:14     | Reached skill level 10 in Shields
 18692 | D:14     | Found a sparkling altar of Nemelex Xobeh.
 18930 | D:15     | Entered Level 15 of the Dungeon
 19070 | D:15     | Noticed Azrael
 19115 | D:15     | Killed Azrael
 19200 | D:15     | Received a gift from Okawaru
 19249 | D:15     | Found a sacrificial altar of Ru.
 19386 | D:15     | Noticed Jorgrun
 19400 | D:15     | Killed Jorgrun
 19471 | D:15     | Found Ickeh's Jewellery Emporium.
 19657 | D:15     | Found a staircase to the Depths.
 19687 | D:15     | Reached XP level 16. HP: 156/156 MP: 24/24
 20093 | Orc:1    | Entered Level 1 of the Orcish Mines
 20218 | Orc:2    | Entered Level 2 of the Orcish Mines
 20526 | Orc:2    | Reached skill level 15 in Unarmed Combat
 20616 | Orc:2    | Found Zeyw's Assorted Antiques.
 20619 | Orc:2    | Found Xierghil's Distillery.
 20620 | Orc:2    | Found Tovufuni's General Store.
 20621 | Orc:2    | Found Osust's General Store.
 20625 | Orc:2    | Bought a potion of experience for 500 gold pieces
 20691 | Orc:2    | Found a staircase to the Elven Halls.
 20921 | Orc:2    | Reached XP level 17. HP: 165/165 MP: 25/25
 21258 | D:9      | Got Sif Muna's Atlas of Aerial Formation
 21400 | Orc:1    | Found Nuuhu's Antique Armour Shop.
 21926 | Snake:1  | Entered Level 1 of the Snake Pit
 21952 | Snake:1  | Reached skill level 5 in Throwing
 21984 | Snake:1  | Noticed Donald
 21994 | Snake:1  | Killed Donald
 22052 | Snake:1  | Noticed Mlioglotl
 22053 | Arena    | Entered the Arena
 22068 | Arena    | Killed Mlioglotl
 22068 | Arena    | Received a gift from Okawaru
 22192 | Snake:1  | Noticed Josephine
 22199 | Snake:1  | Killed Josephine
 22359 | Snake:1  | Noticed Asterion
 22377 | Snake:1  | Killed Asterion
 22443 | Snake:1  | Noticed Roxanne
 22454 | Snake:1  | Reached skill level 10 in Dodging
 22602 | Snake:1  | Reached skill level 10 in Armour
 22612 | Snake:1  | Reached skill level 10 in Fighting
 22614 | Snake:1  | Noticed Aizul
 22636 | Snake:1  | Killed Aizul
 23021 | Snake:1  | Killed Roxanne
 23073 | Snake:2  | Received a gift from Okawaru
 23412 | Snake:2  | Reached skill level 16 in Unarmed Combat
 23580 | Snake:2  | Identified the +8 long sword of Honesty {spect, rF+}
                  | (Okawaru gifted it to you on level 2 of the Snake Pit)
 23580 | Snake:2  | Received a gift from Okawaru
 23700 | Snake:2  | Found Zedu's Jewellery Boutique.
 23700 | Snake:2  | Found Mokhih's Book Emporium.
 23701 | Snake:2  | Found Benudgho's Jewellery Boutique.
 23711 | Snake:2  | Bought an amulet of regeneration for 570 gold pieces
 23859 | Snake:2  | Reached XP level 18. HP: 174/175 MP: 26/26
 23930 | Snake:2  | Found Iluq's Overcharged Wands.
 23992 | Snake:2  | You fall into a shaft and drop 1 floor!
 23992 | Snake:3  | Found a transporter.
 24162 | Snake:3  | Noticed Louise
 24198 | Snake:3  | Killed Louise
 24499 | Snake:3  | Found a transporter.
 25205 | Snake:4  | Entered Level 4 of the Snake Pit
 25226 | Snake:4  | Noticed Vashnia
 25243 | Snake:4  | Noticed Mara
 25261 | Snake:3  | Received a gift from Okawaru
 25596 | Snake:4  | Noticed wormed's illusion
 25611 | Snake:4  | Killed Mara
 25611 | Snake:4  | Identified the +5 mace of Lisoteum {spect, rElec rPois}
                  | (Okawaru gifted it to you on level 4 of the Snake Pit)
 25611 | Snake:4  | Received a gift from Okawaru
 25657 | Snake:4  | Killed Vashnia
 25784 | Snake:4  | Reached skill level 17 in Unarmed Combat
 26369 | Snake:4  | Acquired 418 gold pieces
 26372 | Snake:4  | Received a gift from Okawaru
 26426 | Snake:4  | Received a gift from Okawaru
 26454 | Snake:4  | Reached XP level 19. HP: 185/185 MP: 27/27
 26505 | Snake:4  | Got a serpentine rune of Zot
 26723 | Shoals:1 | Entered Level 1 of the Shoals
 26822 | Shoals:1 | Identified the +8 flail of Certain Death {holy, Str+4}
 26858 | Shoals:1 | Found Kusun's Book Shoppe.
 26955 | Shoals:1 | Found Fahount's Book Shoppe.
 27007 | Shoals:1 | Found Esariem's Assorted Antiques.
 27307 | Shoals:2 | Found a snail-covered altar of Cheibriados.
 27979 | Shoals:3 | Found Gathin's CLEARANCE SALE!.
 28126 | Shoals:3 | Reached skill level 18 in Unarmed Combat
 28179 | Shoals:3 | Found a runed translucent gate.
 28180 | Shoals:3 | Found a runed translucent gate.
 28338 | Shoals:3 | Found a runed translucent gate.
 28339 | Shoals:3 | Noticed Kalirham's ghost (novice MiBe)
 28365 | Shoals:3 | Noticed Polyphemus
 28408 | Shoals:3 | Killed Polyphemus
 28487 | Shoals:3 | Received a gift from Okawaru
 28714 | Shoals:3 | Killed Kalirham's ghost
 29164 | Shoals:4 | Entered Level 4 of the Shoals
 29228 | Shoals:4 | Received a gift from Okawaru
 29394 | Shoals:4 | Received a gift from Okawaru
 29468 | Shoals:4 | Got the Vademecum on Glacial Permutations
 29482 | Shoals:4 | Identified the +1 leather armour "Ulit" {Drain rF+++ Will++
                  | Int-3}
 29726 | Shoals:4 | Paralysed by an air elemental for 1 turns
 29729 | Shoals:4 | Paralysed by an air elemental for 1 turns
 29732 | Shoals:4 | Paralysed by an air elemental for 1 turns
 29798 | Shoals:4 | Paralysed by an air elemental for 1 turns
 29928 | Shoals:4 | Found an opulent altar of Gozag.
 30044 | Shoals:4 | Got a barnacled rune of Zot
 30046 | Shoals:4 | Identified the +0 helmet of the Untouchables {Harm Will++
                  | Str-4 Int-3 Slay+6}
 30311 | Vaults:1 | Entered Level 1 of the Vaults
 30353 | Vaults:1 | Reached XP level 20. HP: 138/197 MP: 28/28
 30752 | Vaults:1 | Received a gift from Okawaru
 31731 | Vaults:2 | Reached skill level 19 in Unarmed Combat
 31739 | Vaults:2 | Identified the +8 war axe of Lasefac {venom, rN+ Str-5
                  | Int+4 Dex+4}
 32382 | Vaults:2 | Received a gift from Okawaru
 32560 | Vaults:2 | Received a gift from Okawaru
 32825 | Vaults:2 | Reached skill level 10 in Throwing
 33303 | Vaults:3 | Noticed Sojobo
 33306 | Vaults:3 | Paralysed by an air elemental for 1 turns
 33317 | Vaults:3 | Paralysed by an air elemental for 1 turns
 33331 | Vaults:3 | Paralysed by an air elemental for 1 turns
 33352 | Vaults:3 | Killed Sojobo
 33356 | Vaults:3 | Reached XP level 21. HP: 186/208 MP: 29/29
 33457 | Vaults:3 | Received a gift from Okawaru
 33486 | Abyss:2  | Cast into level 2 of the Abyss (a wizard)
 33611 | Abyss:2  | HP: 5/166 [hell hog/fireball (60)]
 33655 | Vaults:3 | Escaped the Abyss
 33664 | Vaults:3 | Received a gift from Okawaru
 33875 | Vaults:3 | Reached skill level 20 in Unarmed Combat
 34015 | Vaults:3 | Acquired 1303 gold pieces
 34055 | Vaults:3 | Found Weschauli's Antique Weapon Shop.
 34144 | Vaults:3 | Found a transporter.
 34188 | Vaults:3 | Found a transporter.
 34266 | Vaults:3 | Found the +3 giant club "Skullcrusher" {speed, Str+7}
 34408 | Vaults:3 | Found a staircase to the Crypt.
 34766 | Vaults:3 | Received a gift from Okawaru
 35137 | Vaults:3 | Received a gift from Okawaru
 35220 | Vaults:3 | Identified the ring of Jealousy {rF+ Will++}
 35259 | Vaults:3 | Identified the ring "Casi" {Fly Will+ Str+3}
 35582 | Elf:1    | Entered Level 1 of the Elven Halls
 35591 | Elf:1    | Paralysed by an air elemental for 1 turns
 35605 | Elf:1    | Paralysed by an air elemental for 1 turns
 35618 | Elf:1    | Received a gift from Okawaru
 35691 | Elf:1    | Identified the +1 robe of Itwalox {Fly Int+3}
 36119 | Elf:1    | Received a gift from Okawaru
 36143 | Elf:1    | Paralysed by an air elemental for 1 turns
 36214 | Elf:1    | Paralysed by an air elemental for 1 turns
 36218 | Elf:1    | Paralysed by an air elemental for 1 turns
 36385 | Elf:1    | Received a gift from Okawaru
 36913 | Elf:2    | Found a runed translucent gate.
 36913 | Elf:2    | Found a runed translucent gate.
 36913 | Elf:2    | Found a runed translucent gate.
 36990 | Elf:2    | Found Miw Osuo's Antique Armour Emporium.
 37239 | Elf:2    | Received a gift from Okawaru
 37242 | Elf:2    | Reached XP level 22. HP: 146/219 MP: 30/30
 37323 | Elf:2    | Reached skill level 21 in Unarmed Combat
 37530 | Elf:3    | Entered Level 3 of the Elven Halls
 37533 | Elf:3    | Found Aliomp Kase's Armour Boutique.
 37612 | Elf:3    | Received a gift from Okawaru
 38059 | Elf:3    | Found Yegara's Dragon-Slaying Spoils.
 38166 | Elf:3    | Received a gift from Okawaru
 38562 | Elf:3    | Identified the ring "Serhah" {rElec rPois rF+ Str+4}
 38778 | Elf:3    | Identified the +2 animal skin of Noarag {Rampage rPois
                  | Stlth+} (Okawaru gifted it to you on level 3 of the Elven
                  | Halls)
 38778 | Elf:3    | Received a gift from Okawaru
 38806 | Elf:3    | Identified the +4 glaive of Zaavvant {heavy, rPois rF+}
 38813 | Elf:3    | Gained mutation: You have a pair of small horns on your
                  | head. [a neqoxec]
 38857 | Elf:3    | Reached skill level 15 in Shields
 39103 | Elf:3    | Found the +13 scythe of Curses {drain, Drain}
 39105 | Elf:3    | Found the +8 demon trident "Rift" {distort, reach+}
 39139 | Elf:3    | Got the Omnibus of Fuming Amathomancy
 40122 | Vaults:4 | Found a runed translucent gate.
 40123 | Vaults:4 | Found a runed translucent gate.
 40124 | Vaults:4 | Found a runed translucent gate.
 40124 | Vaults:4 | Identified the +3 chain mail "Yposebex" {rElec}
 40124 | Vaults:4 | Identified the +2 ice dragon scales of Leapfrog {rF- rC++
                  | Dex+4}
 40124 | Vaults:4 | Noticed Emey's ghost (adept SpVM)
 40306 | Vaults:4 | Found Hawob's Weapon Shoppe.
 40474 | Vaults:4 | Received a gift from Okawaru
 40475 | Vaults:4 | Reached skill level 22 in Unarmed Combat
 40889 | Vaults:4 | Killed Emey's ghost
 40979 | Vaults:5 | Entered Level 5 of the Vaults
 41045 | Vaults:5 | Reached XP level 23. HP: 231/231 MP: 31/31
 41070 | Vaults:5 | Noticed Xtahua
 41124 | Vaults:4 | Killed Xtahua
 41640 | Vaults:5 | Received a gift from Okawaru
 41970 | Vaults:5 | Noticed a dread lich
 42329 | Vaults:5 | Killed a dread lich
 42502 | Vaults:5 | Received a gift from Okawaru
 42550 | Vaults:5 | Identified the +4 chain mail of Gallantry {Dex+4}
 42562 | Vaults:5 | Found the +5 demon whip "Spellbinder" {antimagic, Will+}
 42576 | Vaults:5 | Identified the +3 leather armour "Zusm" {Str+6 Dex-4 SInv}
 42937 | Vaults:5 | Identified the +1 hat of Virtue {+Blink}
 42946 | Vaults:5 | Got a silver rune of Zot
 43088 | Vaults:5 | Identified the +3 spear "Orb Guardian's Curse" {freeze,
                  | rElec Str+3 Dex+4}
 43382 | Vaults:5 | Reached skill level 15 in Armour
 43749 | Depths:1 | Entered Level 1 of the Depths
 43754 | Depths:1 | Reached skill level 15 in Dodging
 43764 | Depths:1 | Reached skill level 15 in Fighting
 43785 | Depths:1 | Found Tyn Juta's Magic Scroll Emporium.
 43928 | Depths:1 | Identified the +2 pair of gloves of Amelioration {rF+ Str+4
                  | Int+5}
 43928 | Depths:1 | Noticed Nikola
 43944 | Depths:1 | Killed Nikola
 44126 | Depths:1 | Noticed the Enchantress
 44127 | Depths:1 | Found Ameagh's Book Shop.
 44146 | Depths:1 | Killed the Enchantress
 44164 | Depths:1 | Reached XP level 24. HP: 155/242 MP: 31/31
 44635 | Depths:2 | Found a hide-covered altar of Uskayaw.
 44859 | Depths:2 | Found a one-way gateway to a ziggurat.
 44866 | Depths:2 | Found a one-way gate leading to the halls of Pandemonium.
 44899 | Depths:2 | Received a gift from Okawaru
 44947 | Depths:2 | Received a gift from Okawaru
 45026 | Depths:2 | Found Arrauf's Magic Scroll Shoppe.
 45028 | Depths:2 | Found Dezxan's Antique Weapon Emporium.
 45030 | Depths:2 | Found Giadap's Distillery.
 45407 | Depths:2 | Found a one-way gate to the infinite horrors of the Abyss.
 45476 | Depths:2 | Found a blossoming altar of Fedhas.
 46963 | Depths:3 | Noticed Parghit
 46986 | Depths:3 | Killed Parghit
 47209 | Depths:3 | Received a gift from Okawaru
 47276 | Depths:3 | Received a gift from Okawaru
 47384 | Depths:3 | Got Sif Muna's Total Understanding of Hermeneutics
 47508 | Depths:3 | Received a gift from Okawaru
 47623 | Depths:3 | You fall into a shaft and drop 1 floor!
 47623 | Depths:4 | Entered Level 4 of the Depths
 47816 | Depths:4 | Found a transporter.
 47820 | Depths:4 | Noticed a juggernaut
 47932 | Depths:4 | Noticed a juggernaut
 47943 | Depths:4 | Killed a juggernaut
 47960 | Depths:4 | Noticed Jory
 47966 | Depths:4 | Found a transporter.
 47997 | Depths:4 | Killed Jory
 48023 | Depths:4 | Found a magical portal.
 48046 | WizLab   | Entered Zonguldrok's Shrine
 49075 | WizLab   | Noticed an antique lich
 49080 | WizLab   | Killed an antique lich
 49179 | Depths:4 | Noticed OTABOTABOTAB's ghost (legendary FoFi)
 49180 | Depths:4 | Noticed quinnr's ghost (veteran TeAE)
 49351 | Depths:4 | Reached XP level 25. HP: 222/256 MP: 31/31
 49387 | Depths:4 | Received a gift from Okawaru
 49457 | Depths:4 | Found a gate to the Realm of Zot.
 50282 | Depths:4 | Killed OTABOTABOTAB's ghost
 50312 | Depths:4 | Killed a juggernaut
 50354 | Depths:4 | Killed quinnr's ghost
 50354 | Depths:4 | HP: 10/258 [spore (9)]
 50557 | Depths:4 | Identified the +4 hat of Masochism {Drain rElec rF- Slay+5}
 50559 | Depths:4 | Identified the +1 hat of the Cartwright {Drain +Blink
                  | rPois}
 50563 | Depths:4 | Identified the +0 pair of boots of Unambiguity {Harm rCorr}
 50666 | Zot:1    | Entered Level 1 of the Realm of Zot
 51037 | Zot:1    | Received a gift from Okawaru
 51648 | Zot:2    | Found a runed translucent gate.
 51649 | Zot:2    | Found a runed translucent gate.
 51649 | Zot:2    | Found an ancient bone altar of Kikubaaqudgha.
 51650 | Zot:2    | Found a runed translucent gate.
 51653 | Zot:2    | Noticed an ancient lich
 51653 | Zot:2    | Noticed an ancient lich
 51653 | Zot:2    | Noticed an ancient lich
 51653 | Zot:2    | Noticed a dread lich
 51654 | Zot:2    | Noticed Zeaxzic Paph's ghost (veteran OgBe)
 51867 | Zot:2    | Received a gift from Okawaru
 52009 | Zot:2    | Received a gift from Okawaru
 52188 | Zot:2    | Noticed an ancient lich
 52195 | Zot:2    | Noticed a dread lich
 52199 | Zot:2    | Killed an ancient lich
 52211 | Zot:2    | Killed a dread lich
 52218 | Zot:2    | Received a gift from Okawaru
 52488 | Zot:2    | Received a gift from Okawaru
 52548 | Zot:2    | Identified the +7 falchion "Jellyslayer" {pain, Int+4}
 53158 | Zot:2    | Killed an ancient lich
 53163 | Zot:2    | Killed an ancient lich
 53172 | Zot:2    | Killed Zeaxzic Paph's ghost
 53176 | Zot:2    | Killed an ancient lich
 53184 | Zot:2    | Killed a dread lich
 53230 | Zot:2    | Identified the ring "Zusmaiwa" {Wiz *Corrode rN++ Dex+9}
 53396 | Zot:3    | Reached XP level 26. HP: 269/270 MP: 31/31
 53764 | Zot:3    | Found a radiant altar of Vehumet.
 53765 | Zot:3    | Found a transporter.
 53774 | Zot:3    | Noticed an ancient lich
 53802 | Zot:3    | Noticed Grunn
 53824 | Zot:3    | Killed Grunn
 53828 | Zot:3    | Identified the ring "Cureaph" {Fly rCorr Str-4 Dex+6}
 54060 | Zot:3    | Noticed an ancient lich
 54188 | Zot:3    | Received a gift from Okawaru
 54204 | Zot:3    | Killed an ancient lich
 54209 | Zot:3    | Killed an ancient lich
 54209 | Zot:3    | Received a gift from Okawaru
 54337 | Zot:3    | Found a transporter.
 54923 | Zot:4    | Received a gift from Okawaru
 55318 | Zot:4    | Received a gift from Okawaru
 55365 | Zot:4    | Reached skill level 23 in Unarmed Combat
 55812 | Zot:5    | Entered Level 5 of the Realm of Zot
 55932 | Abyss:4  | Cast into level 4 of the Abyss (Killer Klown)
 55969 | Abyss:4  | Found a shimmering blue altar of Sif Muna.
 56010 | Abyss:4  | Found a shimmering blue altar of Sif Muna.
 56029 | Abyss:4  | Found a corrupted altar of Lugonu.
 56038 | Abyss:4  | Found a corrupted altar of Lugonu.
 56055 | Abyss:4  | Found a corrupted altar of Lugonu.
 56170 | Zot:5    | Escaped the Abyss
 56461 | Zot:5    | Noticed an orb of fire
 56474 | Zot:5    | Lost mutation: You have a pair of small horns on your head.
                  | [an orb of fire]
 56475 | Zot:5    | Killed an orb of fire
 56475 | Zot:5    | Received a gift from Okawaru
 56843 | Zot:5    | Noticed a dread lich
 56848 | Zot:5    | Noticed an orb of fire
 56849 | Zot:5    | Noticed an ancient lich
 56854 | Zot:5    | Noticed an orb of fire
 56856 | Zot:5    | Noticed an orb of fire
 56857 | Zot:5    | Noticed an orb of fire
 56859 | Zot:5    | Gained mutation: You are vulnerable to cold. (rC-) [an orb
                  | of fire]
 56868 | Zot:5    | Killed an orb of fire
 56868 | Zot:5    | Received a gift from Okawaru
 56869 | Zot:5    | Noticed an ancient lich
 56878 | Zot:5    | Gained mutation: You occasionally shout uncontrollably at
                  | your foes. [an orb of fire]
 56882 | Zot:5    | Gained mutation: You possess an exceptional clarity of
                  | mind. [an orb of fire]
 56883 | Zot:5    | Killed an orb of fire
 56929 | Zot:5    | Reached XP level 27. HP: 137/282 MP: 31/31
 57015 | Zot:5    | Killed a dread lich
 57015 | Zot:5    | Received a gift from Okawaru
 57016 | Zot:5    | Reached skill level 24 in Unarmed Combat
 57059 | Zot:5    | Killed an ancient lich
 57078 | Zot:5    | Killed an orb of fire
 57086 | Zot:5    | Killed an ancient lich
 57090 | Zot:5    | Gained mutation: Armour fits poorly on your strangely
                  | shaped body. [an orb of fire]
 57093 | Zot:5    | Gained mutation: Your magical capacity is low. (-10% MP)
                  | [an orb of fire]
 57103 | Zot:5    | Killed an orb of fire
 57158 | Zot:5    | Received a gift from Okawaru
 57164 | Zot:5    | Noticed an ancient lich
 57171 | Zot:5    | Noticed an orb of fire
 57178 | Zot:5    | Killed an ancient lich
 57183 | Zot:5    | Gained mutation: You are very vulnerable to cold. (rC--)
                  | [an orb of fire]
 57185 | Zot:5    | Gained mutation: Your spells are a little easier to cast,
                  | but a little less powerful. [an orb of fire]
 57190 | Zot:5    | Noticed an orb of fire
 57191 | Zot:5    | Killed an orb of fire
 57197 | Zot:5    | Lost mutation: You possess an exceptional clarity of mind.
                  | [an orb of fire]
 57204 | Zot:5    | Killed an orb of fire
 57214 | Zot:5    | Received a gift from Okawaru
 57257 | Zot:5    | Noticed an ancient lich
 57266 | Zot:5    | Killed an ancient lich
 57449 | Zot:4    | Lost mutation: Your magical capacity is low. (-10% MP)
                  | [potion of mutation]
 57449 | Zot:4    | Lost mutation: You are very vulnerable to cold. (rC--)
                  | [potion of mutation]
 57449 | Zot:4    | Gained mutation: You are partially covered in iridescent
                  | scales. (AC +2) [potion of mutation]
 57449 | Zot:4    | Gained mutation: You are robust. (+10% HP) [potion of
                  | mutation]
 57450 | Zot:4    | Lost mutation: Your spells are a little easier to cast, but
                  | a little less powerful. [potion of mutation]
 57450 | Zot:4    | Lost mutation: You occasionally shout uncontrollably at
                  | your foes. [potion of mutation]
 57450 | Zot:4    | Gained mutation: You are mostly covered in iridescent
                  | scales. (AC +4) [potion of mutation]
 57450 | Zot:4    | Lost mutation: You are robust. (+10% HP) [potion of
                  | mutation]
 57450 | Zot:4    | Gained mutation: Your spells are a little harder to cast,
                  | but a little more powerful. [potion of mutation]
 57451 | Zot:4    | Lost mutation: You are vulnerable to cold. (rC-) [potion of
                  | mutation]
 57451 | Zot:4    | Lost mutation: Armour fits poorly on your strangely shaped
                  | body. [potion of mutation]
 57451 | Zot:4    | Gained mutation: You are covered in thick fur. (AC +2)
                  | [potion of mutation]
 57451 | Zot:4    | Gained mutation: You passively dampen the noise of your
                  | surroundings. [potion of mutation]
 57552 | Zot:5    | Received a gift from Okawaru
 57553 | Zot:5    | Reached skill level 25 in Unarmed Combat
 57639 | Zot:5    | Noticed an orb of fire
 57642 | Arena    | Entered the Arena
 57651 | Arena    | Killed an orb of fire
 57835 | Zot:5    | Got the Orb of Zot
 57993 | Zot:1    | Received a gift from Okawaru
 58498 | D:3      | Noticed Hazaeral the pandemonium lord
 58565 | D:$      | Escaped with the Orb!

Illustrated notes

Levels and vault maps discovered:
D:1:      dpeg_arrival_boxorama, layout_loops_ring,
          minmay_misc_feat_more_columns
D:2:      layout_loops_ring, basic_altar
D:3:      layout_loops_corners, hellmonk_ecumenical_altar_watching_god
D:4:      layout_rooms, nicolae_hexahallways, cheibrodos_gnoll_hut,
          uniq_blork_the_orc, uniq_pikel, uniq_robin, uniq_natasha
D:5:      layout_loops_ring, nicolae_overflow_hidden_temple,
          minmay_misc_feat_rugged, dk_vineyard_2, columned_hall_lemuel,
          minmay_diced_spiral
D:6:      layout_cave_pools, trog_wizard, uniq_edmund
D:7:      minmay_bubble_buster, layout_loops_ring, vehumet_crystals,
          minmay_temple_entry_ruins, nicolae_ossuary_entry_catacombs
D:8:      layout_basic, lemuel_crystal_altar, chei_slow_surprise,
          gammafunk_temple_overflow_wave, uniq_amaemon
D:9:      minmay_the_grid_4x2 [minmay_the_grid_spikes, minmay_the_grid_dragon_a,
          minmay_the_grid_outer_diamond, minmay_the_grid_gridbox,
          minmay_the_grid_fan, minmay_the_grid_spin_star, minmay_the_grid_slots,
          minmay_the_grid_prize_trominoes], layout_gridville, minivault_15
D:10:     layout_roguey, mainiacjoe_overflow_boulevard, orc_0_dummy, serial_ice,
          serial_ice_g, serial_ice_n, serial_ice_f, serial_ice_k, serial_ice_a,
          serial_ice_o, uniq_sonja
D:11:     layout_basic, lair_entry_dummy, serial_rivers,
          chequers_serial_rivers_micro_b, chequers_serial_rivers_small_a,
          chequers_serial_rivers_large_b, chequers_serial_rivers_micro_e,
          chequers_serial_rivers_marsh, st_stairs_9, uniq_urug
D:12:     layout_basic, serial_shops, shop
D:13:     layout_basic, david_vaults_4
D:14:     layout_loops_ring, serial_undead, serial_undead_b, serial_undead_c,
          serial_undead_f, serial_undead_c, serial_undead_e, serial_undead_e,
          serial_undead_d, serial_undead_a, nemelex_lonely_heart_becter
D:15:     grunt_enter_depths_magical_seal, layout_basic, minmay_misc_feat_x,
          serial_shops, nicolae_shop_hallway_plus, nicolae_ru_awakened_eye,
          uniq_azrael, uniq_jorgrun
Lair:1:   layout_roguey, enter_volcano_1, serial_bayou_shore_a,
          grunt_megastairs_4, uniq_joseph
Lair:2:   layout_chaotic_city, ebering_ghost_disaster_area,
          nicolae_lair_liquid_snakes
Lair:3:   layout_layer_cave, minmay_shoals_entry_hut,
          nicolae_snake_entry_warm_welcome
Lair:4:   layout_layer_cave, minmay_slime_entry_pillars, beast_lair_carwin_3,
          lemuel_fruit_tree, grunt_megastairs_1, serial_bayou_shore_b,
          uniq_kirke, uniq_rupert
Lair:5:   evil_forest, layout_cave_pods, minmay_lair_oklob_bushes,
          grunt_megastairs_5, serial_bayou_shore_b
Shoals:1: layout_shoals, serial_shops, shop, shop_coins, nicolae_diamond_shop
Shoals:2: layout_shoals, lemuel_altar_in_water, nicolae_shoals_seven_spires
Shoals:3: layout_shoals, gammafunk_ghost_necromancy, nicolae_shop_clearance,
          uniq_polyphemus
Shoals:4: shoals_end_hellmonk_storm_palace [storm_palace_center_circular,
          storm_palace_corner_grid, storm_palace_corner_blocked,
          storm_palace_corner_altar, storm_palace_corner_grid]
Snake:1:  layout_onion_interference, uniq_mlioglotl, uniq_aizul, uniq_asterion,
          uniq_roxanne, uniq_josephine, uniq_donald
Snake:2:  nicolae_sea_snake_s, layout_layer_cave,
          nicolae_shop_overcharged_wands, minmay_shop_grove
Snake:3:  gammafunk_sealed_arena, layout_onion_interference, uniq_louise
Snake:4:  snake_pit_salamanders_mu, layout_rooms, serial_bayou_shore_b,
          grunt_megastairs_2, uniq_vashnia, uniq_mara
Orc:1:    layout_caves, serial_shops, shop_fountains
Orc:2:    st_orc_pillars, layout_diamond_mine
Elf:1:    eino_elf_arrival_the_gate, layout_loops_corners, minivault_28,
          moated_statue
Elf:2:    nicolae_elf_blades_splatter_lattice
          [nicolae_blade_entry_floor_patterns], layout_geoelf_octagon,
          serial_shops, nicolae_shop_stone
Elf:3:    minmay_elf_hall_hex, layout_rooms, serial_shops,
          nicolae_shop_temple_entry_statues_fountains, grunt_ministairs_1,
          minivault_16, nicolae_shop_dragon_depot
Vaults:1: vaults_dpeg_spiral, nicolae_vaults_little_squares_1, v_pattern_2,
          ontoclasm_vaults_bender, v_misc_25, nicolae_vaults_circle_grid_a,
          nicolae_vaults_holding_cells, nicolae_vaults_little_ls,
          nicolae_vaults_little_squares_6, layout_vaults_big_room
Vaults:2: vaults_mumra_lcd, st_hourglassy, nicolae_vaults_big_angled_halls,
          v_misc_32, v_misc_33, vaults_room_large_hall, v_misc_14,
          nicolae_vaults_mini_display_case, v_misc_30,
          vaults_dpeg_emergency_exit, vaults_dpeg_encased_lava,
          nicolae_vaults_windows_and_doors_thing, v_misc_9,
          layout_vaults_omnigrid
Vaults:3: vaults_standard_mumra_x, nicolae_vaults_back_hallway,
          nicolae_vaults_bisected_slash, nicolae_vaults_network_star,
          blue_anna_dwarven_crypt, gammafunk_dig_for_victory,
          hangedman_vaults_corner, vaults_room_ringed_pool,
          nicolae_vaults_ninety_degrees, nicolae_vaults_sealed_display,
          v_misc_5, ontoclasm_vaults_hangar, layout_vaults_omnibox,
          serial_shops, nicolae_shop_waterfront, uniq_sojobo
Vaults:4: biasface_ghost_orc_armoury, v_alt_pattern_6, st_smaller_cells,
          ontoclasm_vaults_misaligned, vaults_mumra_hexcomb,
          hangedman_vaults_pinch, nicolae_vaults_theta,
          nicolae_vaults_hallways_thing, vaults_mumra_hex, v_misc_22,
          vaults_room_fours, layout_vaults_omnicross, serial_shops,
          nicolae_shop_advertising_works [nicolae_subvault_shop_adworks]
Vaults:5: uniq_xtahua
Depths:1: layout_roguey, chequers_serial_rivers_small_a, serial_shops,
          nicolae_take_the_stairs, shop_fountains, pf_coc_iceberg,
          corexii_corridor_pit, kennysheep_generic_room_4,
          infiniplex_staircase_pool_lava, uniq_enchantress, uniq_nikola
Depths:2: regret_index_uskayaw_diablada_macabre, layout_gridville,
          enter_ziggurat_e, hell_entry, fedhas_altar_1,
          abyss_entry_small_statue_room, pan_entry, kennysheep_nub,
          minmay_shop_star
Depths:3: evilmike_diamond_2, layout_gridlike, abyss_entry,
          grunt_mini_vestibule, small_statue_intersection, serial_sigils,
          serial_sigils_hangedman_snap, serial_sigils_hangedman_writhe,
          serial_sigils_hangedman_etch, serial_sigils_hangedman_quiver,
          yredelemnul_forgotten_temple_becter, serial_bayou_shore_b,
          uniq_parghit
Depths:4: grunt_zot_entry_hairpin, layout_gridville, hangedman_decor_points,
          nzn_ghost_randoct, hell_entry, mu_enter_wizlab_1, st_stairs_12,
          serial_bayou_shore_b, uniq_jory
Zot:1:    layout_cellular_growth
Zot:2:    hangedman_snap_crack_crunch, layout_cathedral_of_symmetry,
          gammafunk_ghost_crypt, st_small_dragon_hoard_1
Zot:3:    gammafunk_sealed_library, layout_misc_corridors, uniq_grunn
Zot:4:    layout_cathedral_of_symmetry, st_large_dragon_hoard_4
Zot:5:    layout_basic

Skill      XL: |  1  2  3  4  5  6  7  8  9 10 11 12 13 14 15 16 17 18 19 20 21 22 23 24 25 26 27 |
---------------+----------------------------------------------------------------------------------+-----
Unarmed Combat | 4 5 6 7 8 10 12 13 14 15 16 17 18 19 20 22 23 25 | 25.2
Dodging        | 3 4 5 6 7 8 9 10 11 12 13 14 15 16 17 18 | 18.5
Fighting       | 3 4 5 6 7 8 9 10 11 12 13 14 15 16 17 18 | 18.5
Armour         | 3 8 9 10 11 12 13 14 15 16 17 18 | 18.5
Invocations    | 1 7 12 | 12.0
Shields        | 6 10 11 12 13 14 15 16 17 18 19 20 | 20.1
Throwing       | 4 6 7 9 10 | 10.0
Stealth        | |  1.0

Action                   |  1- 3 |  4- 6 |  7- 9 | 10-12 | 13-15 | 16-18 | 19-21 | 22-24 | 25-27 || total
-------------------------+-------+-------+-------+-------+-------+-------+-------+-------+-------++-------
Melee: Unarmed           |    87 |    74 |   288 |   408 |  1378 |  1280 |  2083 |  1988 |  1505 ||  9091
       Punch             |     4 |     1 |    17 |    38 |    69 |       |       |       |       ||   129
       Headbutt          |       |       |       |       |       |       |       |   639 |   430 ||  1069
Throw: Throwing net      |       |       |       |     1 |       |       |       |       |       ||     1
       Large rock        |       |       |       |       |       |    10 |     7 |       |     5 ||    22
       Javelin           |       |       |       |       |       |     4 |       |       |       ||     4
Invok: Heroism           |       |     4 |     1 |     4 |     7 |     9 |    12 |    22 |    13 ||    72
       Finesse           |       |       |       |       |     1 |     7 |    12 |    13 |    11 ||    44
       Duel              |       |       |       |       |       |     1 |       |       |     1 ||     2
Evoke: Wand              |       |       |       |       |       |       |     2 |     3 |       ||     5
  Use: Scroll            |       |     5 |     5 |    11 |    13 |     3 |    11 |     9 |    12 ||    69
       Potion            |       |     1 |       |     3 |     3 |     4 |     2 |     5 |    10 ||    28
 Stab: Sleeping          |     6 |     2 |     4 |     1 |       |       |       |       |       ||    13
       Distracted        |       |       |     2 |       |       |       |     1 |     1 |       ||     4
       Petrified         |       |       |       |       |     5 |       |     2 |       |       ||     7
Armor: Robe              |    26 |    24 |    50 |       |       |       |       |       |       ||   100
       Steam dragon scal |       |       |    46 |   113 |       |       |       |       |       ||   159
       Storm dragon scal |       |       |       |    98 |  1006 |   384 |   801 |   565 |    52 ||  2906
       Troll leather arm |       |       |       |     3 |       |       |       |       |       ||     3
       Skin              |       |       |       |     2 |       |       |       |       |       ||     2
       Gold dragon scale |       |       |       |       |       |       |       |       |   560 ||   560
Dodge: Dodged            |    38 |    35 |   142 |   202 |   825 |   327 |   753 |   757 |   331 ||  3410
Block: Kite shield       |       |       |       |       |   885 |  1286 |  1747 |  1515 |   936 ||  6369
       Reflection        |       |       |       |       |    16 |    47 |       |       |       ||    63

Table legend: (Time is in decaauts)
 A = Elapsed time spent in this place.
 B = Non-inter-level travel time spent in this place.
 C = Inter-level travel time spent in this place.
 D = Time resting spent in this place.
 E = Time spent auto-exploring this place.
 F = Levels seen in this place.
 G = Mean time per level.
                   A        B        C        D        E       F      G
               +--------+--------+--------+--------+--------+-----+--------+
         Total |  55528 |  49337 |   6191 |   2865 |  33063 |  54 | 1028.3 |
       Dungeon |  14403 |  12704 |   1699 |    671 |   9582 |  15 |  960.2 |
          Lair |   6367 |   5759 |    608 |      0 |   4456 |   5 | 1273.4 |
        Shoals |   2923 |   2693 |    230 |      0 |   1651 |   4 |  730.8 |
     Snake Pit |   4659 |   4163 |    496 |     48 |   2735 |   4 | 1164.8 |
  Orcish Mines |   1261 |   1112 |    149 |      0 |    683 |   2 |  630.5 |
   Elven Halls |   3595 |   3324 |    271 |     89 |   2280 |   3 | 1198.3 |
        Vaults |   9080 |   7507 |   1573 |    928 |   4434 |   5 | 1816.0 |
        Depths |   4642 |   3884 |    758 |      0 |   2484 |   4 | 1160.5 |
           Zot |   6565 |   6163 |    402 |    327 |   4272 |   5 | 1313.0 |
         Abyss |    365 |    365 |      0 |     45 |    159 |   2 |  182.5 |
       Ossuary |    185 |    185 |      0 |      0 |    108 |   1 |  185.0 |
       Volcano |    370 |    370 |      0 |     42 |     84 |   1 |  370.0 |
        Wizlab |   1063 |   1063 |      0 |    692 |    134 |   1 | 1063.0 |
         Arena |     43 |     43 |      0 |     22 |      0 |   2 |   21.5 |
               +--------+--------+--------+--------+--------+-----+--------+

Top non-repeatable levels by time:
Vaults:3: 2153 daAuts
Vaults:4: 2111 daAuts
Vaults:2: 2097 daAuts
Depths:4: 1810 daAuts
   Elf:3: 1718 daAuts
   Zot:2: 1697 daAuts
 Snake:2: 1635 daAuts
   Zot:5: 1600 daAuts
  Lair:3: 1568 daAuts
     D:9: 1564 daAuts
  Lair:5: 1548 daAuts
   Zot:4: 1429 daAuts
Vaults:5: 1369 daAuts
Vaults:1: 1347 daAuts
  Lair:4: 1278 daAuts
